 Dungeon Sprint DCSS version 0.26-a0-668-gd58323b419 (webtiles) character file.

Game seed: 1198000832008639151

190 zazu2006 the Covert (level 5, -6/24 HPs)
             Began as a Spriggan Enchanter on Oct 18, 2020.
             Was a Follower of Dithmenos.
             Mangled by a spriggan
             ... wielding a +0 short sword
              (15 damage)
             ... in the Dungeon (Sprint IV: "Fedhas' Mad Dash").
             The game lasted 00:01:46 (288 turns).

zazu2006 the Covert (Spriggan Enchanter)             Turns: 288, Time: 00:01:47

Health: -6/24      AC:  2    Str:  5    XL:     5   Next: 41%
Magic:  10/14      EV: 20    Int: 16    God:    Dithmenos [*.....]
Gold:   76         SH:  0    Dex: 17    Spells: 9/15 levels left

rFire    . . .     SeeInvis +   a - +1 dagger
rCold    . . .     Faith    .   (shield restricted)
rNeg     . . .     Spirit   .   b - +0 robe
rPois    .         Reflect  .   (helmet restricted)
rElec    .         Harm     .   (no cloak)
rCorr    .         Rampage  .   (gloves unavailable)
MR       .....     NoTele   +   (boots unavailable)
Stlth    ++++++....             c - amulet of invisibility {+Inv}
HPRegen  0.08/turn              (no ring)
MPRegen  0.14/turn              (no ring)

@: confusing touch, very slightly contaminated, wreathed by umbra, very quick
A: very small, unfitting armour, see invisible, speed 3
a: Renounce Religion, Evoke Invisibility


You were in the Dungeon.
You worshipped Dithmenos.
Dithmenos was aware of your devotion.
You visited 1 branch You collected 76 gold pieces.

Inventory:

Hand Weapons
 a - a +1 dagger (weapon)
Armour
 b - a +0 robe (worn)
Jewellery
 c - the amulet of invisibility (around neck) {+Inv}
   (You found it in the Dungeon)

   [amulet of nothing]

   It lets you turn invisible.
Scrolls
 i - a scroll of blinking
Potions
 d - a potion of curing
 e - a potion of heal wounds
 f - a potion of haste
 g - 2 potions of magic
 h - a potion of berserk rage


   Skills:
 + Level 1.4 Short Blades
 + Level 5.2 Dodging
 + Level 11.1 Stealth
 + Level 5.9 Spellcasting
 + Level 8.6 Hexes
 + Level 0.5 Ice Magic
 + Level 3.0 Evocations


You had 9 spell levels left.
You knew the following spells:

 Your Spells              Type           Power        Failure   Level
a - Corona                Hex            ####...      1%          1
b - Ensorcelled Hibernat  Hex/Ice        ###...       3%          2
c - Confusing Touch       Hex            ####....     1%          3

Your spell library contained the following spells:

 Spells                   Type           Power        Failure   Level
 Tukima's Dance           Hex            ####....     1%          3
 Dazzling Flash           Conj/Hex       ###...       7%          3


Dungeon Overview and Level Annotations

Branches:
Dungeon (1/1)

Altars:
Cheibriados
Dithmenos
Elyvilon
Gozag
Hepliaklqana
Kikubaaqudgha
Makhleb
Nemelex Xobeh
Okawaru
Qazlal
Ru
Sif Muna
Trog
Uskayaw
Vehumet
Wu Jian
Xom
Yredelemnul
Zin
The Shining One
Beogh
Jiyva
Lugonu


Innate Abilities, Weirdness & Mutations

You are very small and have problems with some larger weapons.
You are too small for most types of armour.
You have supernaturally acute eyesight. (SInv)
You cover ground extremely quickly.


Message History

Your hands begin to glow red.
You flicker for a moment.
The spriggan closely misses you. The spriggan blocks your attack.
The spriggan hits you with a +0 short sword!
You hit the spriggan but do no damage.
The spriggan hits you with a +0 short sword.
You barely miss the spriggan. The scorpion stings you!
The spriggan barely misses you.
Unknown command.
There is an open door here.
You miss the spriggan. The spriggan misses you.
You closely miss the spriggan.
You flicker back into view.
The spriggan closely misses you.
You hit the spriggan but do no damage. The spriggan completely misses you.
The spriggan blocks your attack.
The spriggan hits you with a +0 short sword!
Ouch! That really hurt!
You die...

######################
#.⌠._._._._.⌠.#..i$).#
'.._._._._._..'.@#$.$#
#..._._._._...#..###+#
#.._._._._._..#.$#
#._._._._._.⌠.####
############### #


You could see a spriggan.

Vanquished Creatures
  4 oklob saplings (D)
  A worker ant (D)
  A spriggan (D)
  A river rat (D)
  A rat (D)
8 creatures vanquished.

Notes
Turn   | Place    | Note
-------+----------+-------------------------------------------
     0 | D        | zazu2006 the Spriggan Enchanter began the quest for the
                  | Orb.
     0 | D        | Reached XP level 1. HP: 9/9 MP: 5/5
     8 | D        | Reached skill level 6 in Stealth
     8 | D        | Reached XP level 2. HP: 13/13 MP: 7/7
    16 | D        | Learned a level 2 spell: Ensorcelled Hibernation
    17 | D        | Noticed an oklob sapling
    25 | D        | Reached skill level 7 in Stealth
    25 | D        | Reached skill level 5 in Hexes
    25 | D        | Reached XP level 3. HP: 16/16 MP: 3/9
    30 | D        | Learned a level 3 spell: Confusing Touch
    83 | D        | Killed an oklob sapling
    83 | D        | Reached skill level 8 in Stealth
   109 | D        | Found the amulet of invisibility {+Inv}
   128 | D        | Found an opulent altar of Gozag.
   128 | D        | Found a hazy altar of Hepliaklqana.
   128 | D        | Found a burning altar of Makhleb.
   128 | D        | Found a sparkling altar of Nemelex Xobeh.
   128 | D        | Found a sacrificial altar of Ru.
   128 | D        | Found a shimmering blue altar of Sif Muna.
   128 | D        | Found an ornate altar of the Wu Jian Council.
   128 | D        | Found a shimmering altar of Xom.
   128 | D        | Found a basalt altar of Yredelemnul.
   129 | D        | Found a viscous altar of Jiyva.
   129 | D        | Found a roughly hewn altar of Beogh.
   129 | D        | Found a snail-covered altar of Cheibriados.
   129 | D        | Found a bloodstained altar of Trog.
   129 | D        | Noticed an oklob sapling priest
   130 | D        | Found an iron altar of Okawaru.
   130 | D        | Found a shadowy altar of Dithmenos.
   130 | D        | Found a glowing silver altar of Zin.
   131 | D        | Found an ancient bone altar of Kikubaaqudgha.
   131 | D        | Found a hide-covered altar of Uskayaw.
   132 | D        | Found a stormy altar of Qazlal.
   132 | D        | Found a white marble altar of Elyvilon.
   132 | D        | Found a glowing golden altar of the Shining One.
   133 | D        | Found a corrupted altar of Lugonu.
   133 | D        | Found a radiant altar of Vehumet.
   136 | D        | Killed an oklob sapling priest
   136 | D        | Reached skill level 9 in Stealth
   136 | D        | Reached skill level 5 in Spellcasting
   136 | D        | Reached skill level 1 in Evocations
   136 | D        | Reached XP level 4. HP: 21/21 MP: 8/12
   139 | D        | Became a worshipper of Dithmenos the Shadowed
   205 | D        | Reached skill level 10 in Stealth
   212 | D        | Noticed a queen bee
   269 | D        | Reached skill level 5 in Dodging
   269 | D        | Reached XP level 5. HP: 24/24 MP: 11/14
   275 | D        | Reached * piety under Dithmenos
   275 | D        | Reached skill level 11 in Stealth
   288 | D        | Mangled by a spriggan

Illustrated notes

Levels and vault maps discovered:
D:        dungeon_sprint_fedhas [sprint_temple]

Skill      XL: |  1  2  3  4  5 |
---------------+----------------+-----
Stealth        | 6 7 9 10 11 | 11.1
Spellcasting   | 3 4 5 |  5.9
Hexes          | 4 5 7 8 |  8.6
Dodging        | 4 5 |  5.2
Evocations     | 1 2 3 |  3.0
Short Blades   | |  1.4
Ice Magic      | |  0.5

Action                   |  1- 3 |  4- 6 || total
-------------------------+-------+-------++-------
Melee: Dagger            |     7 |    13 ||    20
 Cast: Ensorcelled Hiber |     2 |       ||     2
       Confusing Touch   |     1 |     1 ||     2
 Abil: Evoke Invisibilit |     1 |     2 ||     3
 Stab: Sleeping          |     3 |     3 ||     6
       Confused          |     1 |       ||     1
Dodge: Dodged            |     2 |     9 ||    11

Table legend: (Time is in decaauts)
 A = Elapsed time spent in this place.
 B = Non-inter-level travel time spent in this place.
 C = Inter-level travel time spent in this place.
 D = Time resting spent in this place.
 E = Time spent auto-exploring this place.
 F = Levels seen in this place.
 G = Mean time per level.
                   A        B        C        D        E       F      G
               +--------+--------+--------+--------+--------+-----+--------+
         Total |    249 |    249 |      0 |    128 |      0 |   1 |  249.0 |
       Dungeon |    249 |    249 |      0 |    128 |      0 |   1 |  249.0 |
               +--------+--------+--------+--------+--------+-----+--------+

Top non-repeatable levels by time:
       D: 249 daAuts
